cohdb
Replays
Latest Replays
All Replays
Popular Replays
Top Player Replays
Match Explorer
How It Works
Community
CoH3 Stats
Reddit
Sign in to upload your games and track your stats! →
Sign in with Steam
Match 44304569
Unlisted
Match 44304569
Overview
Messages
Build Orders
End
Scout Squad
Construct Barracks
Riflemen Squad
Riflemen Squad
Riflemen Squad
Infantry Support Center
Construct Weapon Support Center
Construct Medical Station
Construct Weapon Support Center
M3 Armored Personnel Carrier
Grenade Package
Engineer Squad
Legionary
Sovereign
0
0
Comments
sign in to comment!
No comments posted yet!